 Dungeon Crawl Stone Soup version 0.24.0-125-gc4c63601f3 (webtiles) character file.

Game seed: 872009037397507941, levelgen mode: deterministic

53 Martska the Chiller (level 3, -2/27 HPs)
             Began as a Merfolk Ice Elementalist on Feb 25, 2020.
             Slain by a worm (10 damage)
             ... on level 2 of the Dungeon.
             The game lasted 00:03:28 (1681 turns).

Martska the Chiller (Merfolk Ice Elementalist)      Turns: 1681, Time: 00:03:29

Health: -2/27      AC:  2    Str:  8    XL:     3   Next: 87%
Magic:  0/6        EV: 13    Int: 14    God:
Gold:   20         SH:  0    Dex: 11    Spells: 5/6 levels left

rFire    . . .     SeeInvis .   e - +0 short sword
rCold    . . .     Gourm    .   (no shield)
rNeg     . . .     Faith    .   a - +0 robe
rPois    .         Spirit   .   (no helmet)
rElec    .         Reflect  .   (no cloak)
rCorr    .         Harm     .   (no gloves)
MR       .....                  (no boots)
Stlth    ++........             (no amulet)
HPRegen  0.09/turn              g - -4 ring of dexterity (curse)
MPRegen  0.10/turn              (no ring)

@: no status effects
A: change form in water, swift swim, stealthy swim
a: no special abilities


You were on level 2 of the Dungeon.
You were not hungry.

You visited 1 branch of the dungeon, and saw 2 of its levels.

You collected 20 gold pieces.

Inventory:

Hand Weapons
 b - a +0 club
 e - a +0 short sword (weapon)
Armour
 a - a +0 robe (worn)
Jewellery
 g - a cursed -4 ring of dexterity (left hand)
Scrolls
 f - a scroll of magic mapping
 i - 2 scrolls of identify
Potions
 d - a potion of curing {unknown}
 h - 2 potions of mutation
Comestibles
 c - 3 rations


   Skills:
 * Level 2.2 Fighting
 + Level 3.3 Dodging
 - Level 2.1 Stealth
 + Level 2.3 Spellcasting
   Level 0.7 Conjurations
 + Level 3.7 Ice Magic


You had 5 spell levels left.
You knew the following spells:

 Your Spells              Type           Power        Failure   Level  Hunger
a - Freeze                Ice            ##..         4%          1    #......

Your spell library contained the following spells:

 Spells                   Type           Power        Failure   Level  Hunger
 Throw Frost              Conj/Ice       #.....       14%         2    ###....
 Ozocubu's Armour         Chrm/Ice       #.......     32%         3    ###....
 Throw Icicle             Conj/Ice       #.......     67%         4    #####..
 Summon Ice Beast         Ice/Summ       #.......     71%         4    #####..


Dungeon Overview and Level Annotations

Branches:
Dungeon (2/15)

Altars:
Dithmenos


Message History

Confirm with . or Enter, or press ? or * to list all spells.
Aiming: Freeze (safe; 4% risk of failure)
Press: ? - help, Shift-Dir - straight line, f - worm
Aim: a worm (moderately wounded)
You freeze the worm.
The worm is heavily wounded.
The worm barely misses you.
You hit the worm.
The worm is severely wounded.
The worm completely misses you.
You hit the worm but do no damage.
The worm is severely wounded.
You hit the worm.
The worm is almost dead.
The worm bites you!
* * * LOW HITPOINT WARNING * * *
You completely miss the worm.
The worm is almost dead.
The worm bites you!
You die...

......#.#.......###
#.≈≈.≈≈.
..........§.......##
#.≈.≈≈..
.....#.##..#####..##
#.≈≈≈≈≈. ####...###.###
##..###.≈≈≈≈.. #.###
#...#####)##..≈≈.≈.. #.
###.....#....≈≈.≈≈.#
###.######.....###...≈≈≈≈.#
........##.....# ##.≈≈≈≈≈.#
.........w@....# ##.≈≈.≈≈#
.........#.....# #.≈≈≈≈##
........##.....# #.≈≈≈≈≈#
........######## #.≈≈≈≈≈≈
######### #≈≈≈≈≈≈≈ ##≈≈≈≈≈≈
#######


You could see a worm.

Vanquished Creatures
  An adder (D:2)
  An ooze (D:2)
  A worm (D:2)
  2 giant cockroaches
  4 goblins (D:1)
  4 hobgoblins (D:1)
  8 kobolds
  A quokka (D:2)
  5 bats (D:1)
  3 frilled lizards
  5 rats
35 creatures vanquished.

Notes
Turn   | Place    | Note
-------+----------+-------------------------------------------
     0 | D:1      | Martska the Merfolk Ice Elementalist began the quest for
                  | the Orb.
     0 | D:1      | Reached XP level 1. HP: 13/13 MP: 3/3
   134 | D:1      | Reached XP level 2. HP: 9/20 MP: 3/5
   135 | D:1      | Reached skill level 1 in Fighting
   991 | D:1      | Reached XP level 3. HP: 25/26 MP: 1/6
  1278 | D:2      | Found a shadowy altar of Dithmenos.
  1681 | D:2      | Slain by a worm

Levels and vault maps discovered:
D:1:      mrwooster_arrival_statue, layout_basic
D:2:      layout_rooms, grunt_dithmenos_smoke, lemuel_coloured_pillars_altar,
          minmay_misc_feat_pillars, chequers_serial_rivers_large_a

Skill      XL: |  1  2  3 |
---------------+----------+-----
Fighting       | 1 2 |  2.2
Dodging        | 3 |  3.3
Stealth        | |  2.1
Spellcasting   | |  2.3
Conjurations   | |  0.7
Ice Magic      | |  3.7

Action                   || total
-------------------------++-------
Melee: Club              ||     7
       Unarmed           ||     1
       Short sword       ||    65
 Cast: Freeze            ||    37
  Use: Scroll            ||     2
 Stab: Sleeping          ||     4
  Eat: Ration            ||     1
       Chunk             ||     1
Armor: Robe              ||    13
Dodge: Dodged            ||    69
